 Dungeon Crawl Stone Soup version 0.30-a0-439-g9e77e4d916 (webtiles) character file.

Game seed: 14735759882201241030

287 NinjaNoafa the Magician (level 6, -2/34 HPs)
             Began as a Deep Elf Transmuter on Dec 11, 2022.
             Was an Initiate of Wu Jian.
             Slain by a hound (5 damage)
             ... on level 4 of the Dungeon.
             The game lasted 00:14:58 (3535 turns).

NinjaNoafa the Magician (Deep Elf Transmuter)       Turns: 3535, Time: 00:14:59

Health: -2/34      AC:  2    Str:  7    XL:     6   Next: 8%
Magic:  13/15      EV: 13    Int: 20    God:    Wu Jian [......]
Gold:   313        SH:  0    Dex: 21    Spells: 9/15 levels left

rFire   . . .      SeeInvis .      - Unarmed
rCold   . . .      Faith    .    (no shield)
rNeg    . . .      Spirit   .    a - +0 robe
rPois   .          Reflect  .    (helmet currently unavailable)
rElec   .          Harm     .    (no cloak)
rCorr   .          Rampage  .    (no gloves)
Will    .....                    (boots currently unavailable)
Stlth   ++........               (no amulet)
HPRegen 0.25/turn                p - +6 ring of dexterity
MPRegen 0.14/turn                (no ring)

@: appendages, wereblooded (expiring)
A: horns 2, talons 2
a: End Transformation, Renounce Religion


You were on level 4 of the Dungeon.
You worshipped Wu Jian.
Wu Jian was noncommittal.
You had temporarily grown beastly horns and talons.
You visited 2 branches of the dungeon, and saw 5 of its levels.

You collected 313 gold pieces.

Inventory:

Missiles
 c - 27 stones
Armour
 a - a +0 robe (worn)
 g - a +2 hat (melded)
 j - a +0 buckler
 l - a +2 pair of boots (melded)
Jewellery
 p - a +6 ring of dexterity (left hand)
Wands
 b - a wand of quicksilver (4)
 d - a wand of flame (18)
 u - a wand of digging (3)
Scrolls
 f - 2 scrolls of enchant weapon {unknown}
 i - a scroll of poison {unknown}
 k - a scroll of vulnerability {unknown}
 n - a scroll of amnesia {unknown}
 o - a scroll of silence {unknown}
 s - a scroll of identify {unknown}
 t - a scroll of fog {unknown}
Potions
 e - a potion of degeneration {unknown}
 h - a potion of invisibility
 m - a potion of might {unknown}
 q - a potion of heal wounds {unknown}
 r - a potion of ambrosia {unknown}


   Skills:
 - Level 1.4 Fighting
 - Level 3.1 Dodging
 - Level 2.8 Unarmed Combat
 - Level 5.0 Spellcasting
 - Level 5.0 Transmutations
 + Level 1.2 Poison Magic


You had 9 spell levels left.
You knew the following spells:

 Your Spells              Type           Power      Damage    Failure   Level
a - Beastly Appendage     Tmut           50%        N/A       1%          1
b - Wereblood             Tmut           25%        N/A       2%          2
c - Spider Form           Tmut/Pois      17%        N/A       10%         3

Your spell library contained the following spells:

 Spells                   Type           Power      Damage    Failure   Level
 Gell's Gravitas          Tloc           5%         N/A       34%         3
 Lesser Beckoning         Tloc           10%        N/A       34%         3
 Portal Projectile        Hex/Tloc       10%        N/A       34%         3
 Teleport Other           Tloc           5%         N/A       34%         3
 Tukima's Dance           Hex            5%         N/A       34%         3
 Ice Form                 Ice/Tmut       15%        N/A       38%         4
 Petrify                  Tmut/Erth      15%        N/A       38%         4
 Blade Hands              Tmut           12%        N/A       38%         5
 Olgreb's Toxic Radiance  Pois           9%         N/A       56%         4
 Metabolic Englaciation   Hex/Ice        2%         N/A       97%         5
 Statue Form              Tmut/Erth      10%        N/A       99%         6
 Ozocubu's Refrigeration  Ice            2%         4d8       100%        7
 Ignition                 Fire           2%         3d3       100%        8


Dungeon Overview and Level Annotations

Branches:
Dungeon (4/15)             Temple (1/1) D:4

Altars:
Ashenzari
Cheibriados
Gozag
Hepliaklqana
Kikubaaqudgha
Makhleb
Nemelex Xobeh
Okawaru
Ru
Sif Muna
Trog
Wu Jian

Annotations:
D:4 Edmund


Innate Abilities, Weirdness & Mutations

You have temporarily grown beastly horns and talons.


Message History

You grow a pair of large bovine horns.
Your feet morph into talons.
Your +2 hat melds into your body.
Your +2 pair of boots melds into your body.
The hound bites you. x2
You hit the hound but do no damage.
You howl as the wereblood boils in your veins!
The hound closely misses you.
You barely miss the hound. The hound closely misses you. The hound bites you.
You closely miss the hound. You claw the hound, but do no damage.
You flicker back into view.
The kobold shouts!
The hound bites you but does no damage.
You hit the hound. You claw the hound. Your headbutt misses the hound.
The hound is moderately wounded.
The hound barely misses you. The hound bites you but does no damage.
You hit the hound. Your kick misses the hound.
The hound is moderately wounded.
The hound bites you.
You hit the hound. You claw the hound.
The hound is almost dead.
The hound bites you.
* * * LOW HITPOINT WARNING * * *
The hound closely misses you.
You barely miss the hound.
The hound is severely wounded.
The hound barely misses you. The kobold hits you with a +0 whip.
* * * LOW HITPOINT WARNING * * *
The hound bites you.
* * * LOW HITPOINT WARNING * * *
Casting: Beastly Appendage (safe; 1% risk of failure)
Confirm with . or Enter, or press ? or * to list all spells.
You fail to extend your transformation any further.
The kobold hits you but does no damage. The hound misses you.
The hound attacks as you move away! The hound closely misses you.
The kobold attacks as you move away! The kobold hits you with a +0 whip.
* * * LOW HITPOINT WARNING * * *
You howl as the wereblood boils in your veins!
Your primal bloodlust is almost over.
The hound bites you.
You die...

.##..###.#.....#... #
.##..# #.##.... ..##. ..
..#†.# #......###.#.. .#
...<####....#.# .... ..
....#.........###.# .#
#.................##.##...
#.......<.#....#.........#
##..#..#..#.....Kh.#.#....
#.....#..#.....@#.# # .
#..##........##)...#
##..#..##....#####.....
.#.#..####...# ##.#.# #.
.#..# #...# ...# . #..##
#### .# ####


You could see a hound and a kobold.

Vanquished Creatures
  A howler monkey (D:3)
  An orc priest (D:3)
  An orc wizard (D:4)
  An iguana (D:3)
  A gnoll (D:1)
  7 adders
  3 worms
  3 dart slugs
  5 orcs (D:3)
  6 ball pythons
  9 endoplasms
  4 giant cockroaches
  10 goblins
  7 hobgoblins
  3 quokkas
  5 bats
  2 frilled lizards (D:2)
  4 kobolds (D:2)
  5 rats
78 creatures vanquished.

Notes
Turn   | Place    | Note
-------+----------+-------------------------------------------
     0 | D:1      | NinjaNoafa the Deep Elf Transmuter began the quest for the
                  | Orb.
     0 | D:1      | Reached XP level 1. HP: 11/11 MP: 6/6
   125 | D:1      | Reached XP level 2. HP: 10/16 MP: 5/8
   508 | D:1      | Found a faded altar of an unknown god.
   668 | D:1      | Reached XP level 3. HP: 16/20 MP: 7/10
  1229 | D:2      | Reached XP level 4. HP: 4/24 MP: 12/12
  1232 | D:2      | HP: 1/36 [poisoned by an adder]
  1527 | D:2      | Reached skill level 5 in Spellcasting
  1655 | D:2      | Learned a level 2 spell: Wereblood
  2255 | D:3      | Reached XP level 5. HP: 15/28 MP: 14/14
  2373 | D:3      | Reached skill level 1 in Fighting
  2391 | D:3      | Found a shimmering blue altar of Sif Muna.
  2896 | D:3      | Reached skill level 5 in Transmutations
  2983 | D:3      | Found a broken altar of Ashenzari.
  3228 | D:4      | Found a staircase to the Ecumenical Temple.
  3254 | Temple   | Entered the Ecumenical Temple
  3268 | Temple   | Became a worshipper of the Wu Jian Council
  3402 | D:4      | Noticed Edmund
  3419 | D:3      | Learned a level 3 spell: Spider Form
  3518 | D:4      | Reached skill level 1 in Poison Magic
  3518 | D:4      | Reached XP level 6. HP: 18/34 MP: 13/15
  3535 | D:4      | Slain by a hound

Illustrated notes

Levels and vault maps discovered:
D:1:      scummos_arrival_forest, layout_rooms,
          hellmonk_ecumenical_altar_lost_god, nicolae_hexahallways,
          minmay_stone_trees_small
D:2:      layout_basic, minmay_misc_feat_tiny, st_stairs_8
D:3:      layout_basic, mainiacjoe_overflow_paths, nicolae_ashenzari_panopticon,
          kennysheep_cross_bottleneck, grunt_ministairs_10
D:4:      layout_cave_pools, minmay_temple_entry_grid, minmay_fractal_squares_5,
          uniq_edmund
Temple:   hellmonk_temple_rainy

Skill      XL: |  1  2  3  4  5 |
---------------+----------------+-----
Transmutations | 3 4 5 |  5.0
Spellcasting   | 4 5 |  5.0
Fighting       | 1 |  1.4
Dodging        | 3 |  3.1
Poison Magic   | 1 |  1.2
Unarmed Combat | |  2.8

Action                   |  1- 3 |  4- 6 || total
-------------------------+-------+-------++-------
Melee: Unarmed           |    82 |   168 ||   250
       Kick              |    21 |    40 ||    61
       Headbutt          |    12 |    31 ||    43
       Punch             |     1 |     1 ||     2
 Cast: Beastly Appendage |    19 |    34 ||    53
       Wereblood         |       |     1 ||     1
Invok: Lunge             |       |     2 ||     2
  Use: Potion            |     1 |     4 ||     5
 Stab: Sleeping          |       |     1 ||     1
       Invisible         |       |     3 ||     3
Armor: Robe              |    11 |    26 ||    37
       Skin              |     2 |     3 ||     5
Dodge: Dodged            |    43 |    82 ||   125
Block: Buckler           |     5 |    18 ||    23

Table legend: (Time is in decaauts)
 A = Elapsed time spent in this place.
 B = Non-inter-level travel time spent in this place.
 C = Inter-level travel time spent in this place.
 D = Time resting spent in this place.
 E = Time spent auto-exploring this place.
 F = Levels seen in this place.
 G = Mean time per level.
                   A        B        C        D        E       F      G
               +--------+--------+--------+--------+--------+-----+--------+
         Total |   3542 |   3375 |    167 |      8 |   2598 |   5 |  708.4 |
       Dungeon |   3513 |   3360 |    153 |      8 |   2589 |   4 |  878.2 |
        Temple |     28 |     14 |     14 |      0 |      9 |   1 |   28.0 |
               +--------+--------+--------+--------+--------+-----+--------+

Top non-repeatable levels by time:
     D:3: 1229 daAuts
     D:2: 1112 daAuts
     D:1: 949 daAuts
     D:4: 222 daAuts
  Temple: 28 daAuts
